 Dungeon Crawl Stone Soup version 0.21.1-1-g345015fe64 (webtiles) character file.

10614 Naridas the Protected (level 11, 0/89 HPs)
             Began as a Formicid Fighter on July 17, 2018.
             Was an Elder of Qazlal.
             Slain by an eight-headed hydra (6 damage)
             ... on level 11 of the Dungeon.
             The game lasted 00:42:06 (14646 turns).

Naridas the Protected (Formicid Fighter)           Turns: 14646, Time: 00:42:07

Health: 0/89       AC: 13    Str: 25    XL:     11   Next: 96%
Magic:  11/11      EV:  9    Int:  8    God:    Qazlal [****..]
Gold:   432        SH: 16    Dex: 13    Spells: 10/10 levels left

rFire    . . .     SeeInvis +   b - +0 battleaxe
rCold    . . .     Gourm    .   c - +0 shield
rNeg     . . .     Faith    .   o - +0 chain mail
rPois    .         Spirit   .   (helmet unavailable)
rElec    .         Reflect  .   v - +0 cloak
rCorr    +         Harm     .   s - +0 pair of gloves
MR       +....                  (no boots)
Stlth    ..........             (no amulet)
HPRegen  0.24/turn              x - +4 ring of strength
MPRegen  0.12/turn              G - ring of resist corrosion

@: heavily drained, repel missiles
A: permanent stasis, dig shafts and tunnels, four strong arms, antennae 3
a: Dig, Shaft Self, Upheaval, Elemental Force, Renounce Religion


You were on level 11 of the Dungeon.
You worshipped Qazlal.
Qazlal was greatly pleased with you.
You were near starving.

You visited 3 branches of the dungeon, and saw 14 of its levels.
You also visited: Ossuary.

You collected 540 gold pieces.
You spent 108 gold pieces at shops.

Inventory:

Hand Weapons
 b - a +0 battleaxe (weapon)
Armour
 c - a +0 shield (worn)
 o - a +0 chain mail (worn)
 s - a +0 pair of gloves (worn)
 v - a +0 cloak (worn)
Jewellery
 x - a +4 ring of strength (left hand)
 G - a ring of resist corrosion (right hand)
Wands
 w - a wand of acid (10)
 N - a wand of clouds (4)
Scrolls
 a - a scroll of torment {unknown}
 e - 4 scrolls of enchant weapon
 g - a scroll of enchant armour
 h - a scroll of holy word {unknown}
 j - 4 scrolls of amnesia
 k - 2 scrolls of immolation
 l - a scroll of noise {unknown}
 n - 5 scrolls of magic mapping
 q - a scroll of vulnerability {unknown}
 D - 3 scrolls of remove curse
 E - a scroll of summoning {unknown}
Potions
 d - 4 potions of might
 i - 6 potions of curing
 m - 2 potions of agility {unknown}
 r - 2 potions of berserk rage {unknown}
 u - 2 potions of heal wounds {unknown}
 z - 3 potions of resistance
 B - a potion of brilliance {unknown}
 F - a potion of invisibility {unknown}
 H - a potion of magic {unknown}
 I - 2 potions of flight {unknown}
 L - a potion of cancellation {unknown}
Comestibles
 f - 25 rations


   Skills:
 - Level 9.3(6.7) Fighting
 + Level 10.1(7.5) Axes
 - Level 10.2(7.6) Armour
 - Level 4.7(2.4) Dodging
 - Level 10.0(7.4) Shields


You had 10 spell levels left.
You didn't know any spells.

Dungeon Overview and Level Annotations

Branches:
Dungeon (12/15)            Temple (1/1) D:5            Lair (1/6) D:9
    Orc: D:9-12

Altars:
Ashenzari
Cheibriados
Dithmenos
Elyvilon
Fedhas
Gozag
Hepliaklqana
Kikubaaqudgha
Makhleb
Nemelex Xobeh
Okawaru
Qazlal
Ru
Sif Muna
Trog
Uskayaw
Vehumet
Wu Jian
Xom
Yredelemnul
Zin
The Shining One

Shops:
D:4 =   D:10 *

Annotations:
D:11 Nergalle


Innate Abilities, Weirdness & Mutations

You cannot be hasted, slowed, berserked, paralysed or teleported.
You can dig through walls and to a lower floor.
Your four strong arms can wield two-handed weapons with a shield.
You have a pair of large antennae on your head. (SInv)


Message History

The eight-headed hydra bites you but does no damage.
You block the eight-headed hydra's attack.
The eight-headed hydra bites you but does no damage.
You block the eight-headed hydra's attack.
The eight-headed hydra completely misses you.
You block the eight-headed hydra's attack.
The eight-headed hydra bites you!
* * * LOW HITPOINT WARNING * * *
The eight-headed hydra bites you but does no damage.
You begin to dig a shaft.
You continue digging a shaft.
Nergalle points at the spectral orc warrior and mumbles some strange words.
The spectral orc warrior seems to speed up.
The spectral orc warrior hits you with a trident.
* * * LOW HITPOINT WARNING * * *
You block the spectral orc knight's attack.
The eight-headed hydra bites you but does no damage.
The eight-headed hydra completely misses you.
The eight-headed hydra bites you but does no damage.
The eight-headed hydra bites you.
You die...

..ZZZ..# #......#.# ###Z#.######
#......#.# .##.#......#
##..#...#.# .#.Z######.##
#>.##...#.# ...#######..###
###..##...... #.............#
#....###.#..> #.)........##.##
#..#####.....
#..[/[.....##.ยง######)...........
#o#.<.........ZZ@ZCo...#####.....
..#.)......####D##Z..### #..#..
.##...(....# #ZZ{....# #..#.#
.##........# ###.....# #o...#
########.#..# #.!...# #....# #
#.##.{......{..........#<# ####
#.# .#.........######....# ......
... ...........# #.#..# ...... ...
.#.....#... #.##.#


You could see an eight-headed hydra, Nergalle, a cyclops, 2 spectral orcs, 2
spectral orc warriors and a spectral orc knight.

Vanquished Creatures
  Erica (D:8)
  Pikel (D:3)
  2 cyclopes (D:10)
  Psyche (D:8)
  A komodo dragon (Lair:1)
  A troll (D:10)
  A hornet (D:9)
  A hippogriff (D:11)
  14 yaks
  A wyvern (D:9)
  4 porcupines
  2 orc warriors
  A slave (D:3)
  A black bear (D:5)
  3 sky beasts
  5 ice beasts
  7 ogres
  5 centaurs
  A crocodile (D:11)
  A big kobold (D:8)
  8 bullfrogs
  A wyvern zombie (D:9)
  7 scorpions (Ossuary)
  The ghost of Roikka the Chucker, a weakling OgHu (D:4)
  4 wights
  4 howler monkeys
  5 crimson imps
  3 hounds
  A quasit (D:7)
  A bullfrog zombie (D:10)
  A centaur zombie (D:9)
  A human zombie (Ossuary)
  4 jellies
  A centaur skeleton (D:10)
  6 orc priests
  8 orc wizards
  A bullfrog skeleton (D:4)
  2 iguanas
  10 worker ants
  5 big kobold zombies (Ossuary)
  3 mummies (Ossuary)
  A hound skeleton (D:9)
  A howler monkey zombie (D:7)
  3 scorpion zombies (Ossuary)
  10 adders
  2 shadow imps
  3 oozes
  A worm (D:2)
  3 dart slugs
  6 leopard geckos
  29 orcs
  A ball python (D:4)
  4 giant cockroaches
  9 goblins
  7 hobgoblins
  10 jackals
  2 quokkas
  7 bats
  3 frilled lizards
  A goblin zombie (Ossuary)
  4 hobgoblin zombies (Ossuary)
  11 kobolds
  A kobold zombie (Ossuary)
  An orc zombie (Ossuary)
  3 rats
  A plant (D:9)
255 creatures vanquished.

Vanquished Creatures (others)
  An iguana (D:8)
  30 fungi (D:9)
  8 plants (D:9)
39 creatures vanquished.

Grand Total: 294 creatures vanquished

Notes
Turn   | Place    | Note
-------+----------+-------------------------------------------
     0 | D:1      | Naridas the Formicid Fighter began the quest for the Orb.
     0 | D:1      | Reached XP level 1. HP: 18/18 MP: 1/1
    58 | D:1      | Reached XP level 2. HP: 24/24 MP: 2/2
   578 | D:1      | Reached XP level 3. HP: 23/29 MP: 3/3
  1117 | D:2      | Found a basalt altar of Yredelemnul.
  1131 | D:2      | Reached XP level 4. HP: 32/35 MP: 4/4
  1723 | D:3      | Reached XP level 5. HP: 28/41 MP: 5/5
  1863 | D:3      | Reached skill level 5 in Axes
  2839 | D:4      | Noticed Pikel
  2839 | D:4      | Noticed a slave
  2840 | D:4      | Noticed a slave
  2840 | D:4      | Noticed Roikka's ghost (weakling OgHu)
  2841 | D:4      | Noticed a slave
  2842 | D:4      | Noticed a slave
  2908 | D:3      | Killed a slave
  3143 | D:4      | Reached XP level 6. HP: 41/47 MP: 6/6
  3144 | D:4      | Reached skill level 5 in Shields
  3169 | D:4      | Noticed an orc warrior
  3833 | D:4      | Reached XP level 7. HP: 39/52 MP: 7/7
  4017 | D:4      | Killed Roikka's ghost
  4389 | D:3      | Killed Pikel
  4389 | D:3      | Reached XP level 8. HP: 28/58 MP: 8/8
  4632 | D:4      | Found Jifaloc's Jewellery Shop.
  4679 | D:4      | Found a snail-covered altar of Cheibriados.
  4716 | D:5      | Entered Level 5 of the Dungeon
  5018 | D:5      | Found a staircase to the Ecumenical Temple.
  5030 | Temple   | Entered the Ecumenical Temple
  5083 | Temple   | Became a worshipper of Qazlal Stormbringer
  5129 | D:5      | Reached skill level 5 in Fighting
  5410 | D:5      | Reached XP level 9. HP: 53/68 MP: 9/9
  5782 | D:5      | Found an iron altar of Okawaru.
  6185 | D:6      | Found a shattered altar of Ashenzari.
  6197 | D:6      | Found a deep blue altar of Sif Muna.
  7091 | D:7      | Found a sand-covered staircase.
  7192 | Ossuary  | Entered an ossuary
  7344 | Ossuary  | Reached * piety under Qazlal
  7872 | D:7      | Noticed an angel
  7882 | D:7      | Found a glowing silver altar of Zin.
  7883 | D:7      | Found a shimmering altar of Xom.
  7888 | D:7      | Reached skill level 10 in Axes
  7904 | D:7      | Reached XP level 10. HP: 72/74 MP: 10/10
  8171 | D:7      | Found a hazy altar of Hepliaklqana.
  8273 | D:7      | Reached ** piety under Qazlal
  8439 | D:8      | Noticed Psyche
  8454 | D:8      | Killed Psyche
  8709 | D:8      | Noticed a two-headed ogre
  8863 | D:8      | Noticed Erica
  8866 | D:8      | Found a shimmering altar of Xom.
  8886 | D:8      | Killed Erica
 10572 | D:9      | Found a staircase to the Lair.
 10580 | D:9      | Reached XP level 11. HP: 34/89 MP: 11/11
 10595 | D:9      | HP: 2/89 [yak (11)]
 10600 | D:9      | Reached skill level 10 in Armour
 10790 | D:10     | Entered Level 10 of the Dungeon
 11818 | Lair:1   | Entered Level 1 of the Lair of Beasts
 11829 | Lair:1   | Reached *** piety under Qazlal
 12070 | Lair:1   | Noticed a five-headed hydra
 12453 | D:10     | Noticed a cyclops
 12462 | D:10     | Killed a cyclops
 12834 | D:10     | Reached skill level 10 in Shields
 12962 | D:10     | Found Ubittokh's Assorted Antiques.
 12969 | D:10     | Reached skill level 1 in Dodging
 13148 | D:10     | Bought a scroll of identify for 36 gold pieces
 13149 | D:10     | Bought a scroll labeled QEDDUVU CUDAI for 18 gold pieces
 13149 | D:10     | Bought a potion of curing for 54 gold pieces
 13647 | D:11     | Noticed a cyclops
 13658 | D:10     | Killed a cyclops
 14129 | D:11     | Noticed Nergalle
 14141 | D:11     | Noticed a spectral orc warlord
 14152 | D:11     | You fall through a shaft!
 14466 | D:11     | Reached **** piety under Qazlal
 14606 | D:11     | Noticed an eight-headed hydra
 14636 | D:11     | Noticed a cyclops
 14646 | D:11     | Slain by an eight-headed hydra

Skill      XL: |  1  2  3  4  5  6  7  8  9 10 11 |
---------------+----------------------------------+-----
Axes           | 3 4 5 6 10 | 10.1
Shields        | 4 6 10 | 10.0
Armour         | 7 9 10 | 10.2
Fighting       | 5 9 |  9.3
Dodging        | 4 |  4.7

Action                   |  1- 3 |  4- 6 |  7- 9 | 10-12 || total
-------------------------+-------+-------+-------+-------++-------
Melee: War axe           |    88 |   209 |   331 |   410 ||  1038
       Battleaxe         |       |       |       |    16 ||    16
 Abil: Shaft Self        |       |       |       |     2 ||     2
Evoke: Wand              |       |       |       |     1 ||     1
  Use: Scroll            |       |     8 |     4 |     8 ||    20
       Potion            |       |       |       |     2 ||     2
  Eat: Chunk             |     1 |     5 |     8 |    16 ||    30
       Ration            |       |     1 |     2 |     1 ||     4
Armor: Scale mail        |    43 |    92 |   141 |    22 ||   298
       Chain mail        |       |       |       |   135 ||   135
Dodge: Dodged            |    29 |    43 |    77 |   133 ||   282
Block: Shield            |    61 |   108 |   183 |   400 ||   752
